 Dungeon Crawl Stone Soup version 0.30.0-29-ga12c61a403 (webtiles) character file.

Game seed: 2639566547305064822

10 safid the Chiller (level 2, 0/21 HPs)
             Began as a Merfolk Ice Elementalist on June 14, 2023.
             Slain by a frilled lizard (3 damage)
             ... on level 1 of the Dungeon.
             The game lasted 00:00:29 (258 turns).

safid the Chiller (Merfolk Ice Elementalist)         Turns: 258, Time: 00:00:29

Health: 0/21       AC:  2    Str:  8    XL:     2   Next: 20%
Magic:  0/5        EV: 12    Int: 14    God:
Gold:   9          SH:  0    Dex: 14    Spells: 4/5 levels left

rFire   . . .        (no weapon)
rCold   . . .        (no shield)
rNeg    . . .        a - +0 robe
rPois   .            (no helmet)
rElec   .            (no cloak)
rCorr   .            (no gloves)
SInv    .            (no boots)
Will    .....        (no amulet)
Stlth   ++           (no ring)
HPRegen 0.23/turn    (no ring)
MPRegen 0.09/turn

%: no passive effects
@: very slightly contaminated
A: (nimble swimmer 2), mertail
a: no special abilities


You were on level 1 of the Dungeon.
You visited 1 branch of the dungeon, and saw 1 of its levels.

You collected 9 gold pieces.

Inventory:

Armour
 a - a +0 robe (worn)
Scrolls
 e - a scroll of teleportation {unknown}
Potions
 b - 2 potions of magic
 c - a potion of curing {unknown}
 d - 2 potions of attraction {unknown}
 f - a potion of invisibility {unknown}


   Skills:
 + Level 1.0 Fighting
 - Level 2.6 Dodging
 - Level 2.1 Stealth
 + Level 2.2 Spellcasting
 + Level 4.6 Ice Magic


You had 4 spell levels left.
You knew the following spells:

 Your Spells              Type           Power      Damage    Failure   Level
a - Freeze                Ice            56%        1d7       3%          1

Your spell library contained the following spells:

 Spells                   Type           Power      Damage    Failure   Level
 Frozen Ramparts          Ice            28%        1d5       11%         3
 Ozocubu's Armour         Ice            14%        N/A       11%         3
 Summon Ice Beast         Ice/Summ       8%         N/A       65%         4


Dungeon Overview and Level Annotations

Branches:
Dungeon (1/15)

Altars:
The Shining One


Innate Abilities, Weirdness & Mutations

((You are very nimble when in or above water. (Stealth+, EV+, Speed+++)))
Your lower body shifts to a powerful aquatic tail in water.


Message History

You hit the endoplasm.
The endoplasm is almost dead.
The jackal closely misses you. The endoplasm closely misses you.
You barely miss the endoplasm.
The endoplasm is almost dead.
The jackal closely misses you. The endoplasm freezes you.
You are frozen.
The jackal bites you but does no damage.
You hit the endoplasm but do no damage.
The endoplasm is almost dead.
The jackal barely misses you. The endoplasm freezes you.
You are frozen.
You hit the endoplasm.
You kill the endoplasm!
The jackal bites you. x2
Your Fighting skill increases to level 1!
You barely miss the frilled lizard. The jackal barely misses you.
The frilled lizard bites you but does no damage.
Unknown command.
You closely miss the jackal. The jackal barely misses you.
The frilled lizard barely misses you.
You hit the jackal but do no damage. The jackal barely misses you.
The frilled lizard closely misses you. The jackal bites you.
You barely miss the jackal. The jackal bites you. The frilled lizard bites you.
* * * LOW HITPOINT WARNING * * *
You hit the jackal but do no damage. The jackal completely misses you.
The frilled lizard closely misses you. The jackal bites you.
* * * LOW HITPOINT WARNING * * *
Casting: Freeze (safe; 3% risk of failure)
Confirm with . or Enter, or press ? or * to list all spells.
Aiming: Freeze (safe; 3% risk of failure)
Press: ? - help, Shift-Dir - straight line, f - frilled lizard
Aim: a frilled lizard You miscast Freeze.
You are very lightly contaminated with residual magic.
Nothing appears to happen.
The jackal closely misses you. The frilled lizard bites you.
You die...

#. .. #. #.
#### . #. #..
... #.#
#.###....
#.####...(...#
#..@lh.......#
#.h###.......#
#..# +.......#
#..# #.......#
#..# #.......#
###..#
#......([
#....#
.........
#.#.##
###......
#.#.#


You could see 2 jackals and a frilled lizard.

Vanquished Creatures
  2 ball pythons (D:1)
  2 endoplasms (D:1)
  A goblin (D:1)
  A jackal (D:1)
  A quokka (D:1)
  A frilled lizard (D:1)
  A rat (D:1)
9 creatures vanquished.

Notes
Turn   | Place    | Note
-------+----------+-------------------------------------------
     0 | D:1      | safid the Merfolk Ice Elementalist began the quest for the
                  | Orb.
     0 | D:1      | Reached XP level 1. HP: 13/13 MP: 3/3
    13 | D:1      | Found a glowing golden altar of the Shining One.
   135 | D:1      | Reached XP level 2. HP: 17/20 MP: 3/5
   253 | D:1      | Reached skill level 1 in Fighting
   258 | D:1      | Slain by a frilled lizard

Illustrated notes

Levels and vault maps discovered:
D:1:      dpeg_arrival_water_altar, layout_basic, chequers_mini_garden

Skill      XL: |  1  2 |
---------------+-------+-----
Fighting       | 1 |  1.0
Dodging        | |  2.6
Stealth        | |  2.1
Spellcasting   | |  2.2
Ice Magic      | |  4.6

Action                     || total
---------------------------++-------
  Melee: Unarmed           ||    18
   Cast: Freeze            ||    12
 Armour: Robe              ||     6
  Dodge: Dodged            ||    31
